 Dungeon Crawl Stone Soup version 0.27.1-33-g824d729ab1 (webtiles) character file.

Game seed: 6889605715927893674

1316 lonewolfV2 the Grave Robber (level 8, -14/69 HPs)
             Began as a Deep Dwarf Necromancer on Dec 14, 2021.
             Was an Initiate of Sif Muna.
             Demolished by a komodo dragon (18 damage)
             ... on level 8 of the Dungeon.
             The game lasted 00:16:05 (4117 turns).

lonewolfV2 the Grave Robber (DDNe)                  Turns: 4117, Time: 00:16:06

Health: -14/69     AC:  2    Str: 12    XL:     8   Next: 33%
Magic:  8/9        EV: 13    Int: 17    God:    Sif Muna [......]
Gold:   100        SH:  0    Dex: 14    Spells: 6/15 levels left

rFire    . . .     SeeInvis .   d - +5 mace (flame)
rCold    + . .     Faith    .   (no shield)
rNeg     . . .     Spirit   .   a - +0 robe
rPois    .         Reflect  .   (no helmet)
rElec    .         Harm     .   (no cloak)
rCorr    .         Rampage  .   (no gloves)
Will     +....                  (no boots)
Stlth    ++........             (no amulet)
HPRegen  0.00/turn              f - ring of protection from cold
MPRegen  0.11/turn              (no ring)

@: no status effects
A: damage resistance, heal wounds, sense surroundings 1, no regeneration
a: Heal Wounds, Renounce Religion


You were on level 8 of the Dungeon.
You worshipped Sif Muna.
Sif Muna was noncommittal.
You visited 2 branches of the dungeon, and saw 7 of its levels.

You collected 100 gold pieces.

Inventory:

Hand Weapons
 d - a +5 mace of flaming (weapon)
 h - a +2 vorpal hunting sling
 s - a +2 whip of flaming
Armour
 a - a +0 robe (worn)
Jewellery
 f - a ring of protection from cold (left hand)
Wands
 g - a wand of mindburst (14)
 u - a wand of iceblast (7) (quivered)
Scrolls
 j - a scroll of enchant armour {unknown}
Potions
 b - a potion of magic {unknown}
 c - a potion of attraction {unknown}
 e - 2 potions of curing
 i - a potion of degeneration {unknown}
 k - 4 potions of flight
 n - 2 potions of might
 t - a potion of brilliance {unknown}


   Skills:
 + Level 3.2 Fighting
 + Level 5.0 Maces & Flails
 + Level 4.5 Dodging
 + Level 2.9 Stealth
 + Level 4.1 Spellcasting
 + Level 0.5 Hexes
 + Level 6.8 Necromancy


You had 6 spell levels left.
You knew the following spells:

 Your Spells              Type           Power      Damage    Failure   Level
a - Pain                  Necr           100%       1d9       1%          1
b - Vampiric Draining     Necr           13%        2d7       2%          3
c - Confusing Touch       Hex            5%         N/A       36%         3
d - Slow                  Hex            5%         N/A       19%         2

Your spell library contained the following spells:

 Spells                   Type           Power      Damage    Failure   Level
 Animate Skeleton         Necr           52%        N/A       1%          1
 Animate Dead             Necr           13%        N/A       10%         4
 Passwall                 Tmut/Erth      2%         N/A       24%         2
 Agony                    Necr           26%        N/A       26%         5
 Swiftness                Air            3%         N/A       43%         3
 Invisibility             Hex            2%         N/A       100%        6


Dungeon Overview and Level Annotations

Branches:
Dungeon (5/15)             Temple (1/1) D:4

Altars:
Ashenzari
Fedhas
Nemelex Xobeh
Sif Muna
The Shining One


Innate Abilities, Weirdness & Mutations

You are resistant to damage.
You can heal yourself by infusing magical energy.
You passively map a small area around you.
You do not regenerate.


Message History

The wyvern is heavily wounded.
The wyvern completely misses you.
You hit the wyvern but do no damage.
The wyvern is heavily wounded.
The wyvern barely misses you.
The wyvern bites you but does no damage.
You barely miss the wyvern.
The wyvern is heavily wounded.
The wyvern misses you. x2
You sock the wyvern! You burn the wyvern.
The wyvern is almost dead.
The wyvern barely misses you. The wyvern closely misses you.
You feel much better. The wyvern closely misses you.
You hit the wyvern. You burn the wyvern.
You kill the wyvern!
Sif Muna accepts your kill.
Your Maces & Flails skill increases to level 5!
You see here a wyvern corpse.
Found a shiny iron wand.
You see here a wyvern corpse.
A komodo dragon comes into view.
The komodo dragon moves out of view.
The komodo dragon hisses angrily.
The komodo dragon bites you!
You completely miss the komodo dragon. The komodo dragon bites you!
You hit the komodo dragon. You burn the komodo dragon.
The komodo dragon is lightly wounded.
The komodo dragon bites you!!
* * * LOW HITPOINT WARNING * * *
You hit the komodo dragon. You burn the komodo dragon.
The komodo dragon is lightly wounded.
The komodo dragon bites you.
* * * LOW HITPOINT WARNING * * *
Casting: Pain (safe; 1% risk of failure)
Confirm with . or Enter, or press ? or * to list all spells.
Aiming: Pain (safe; 1% risk of failure)
Press: ? - help, Shift-Dir - straight line, f - komodo dragon
Aim: a komodo dragon (lightly wounded, chance to affect: 71%)
The komodo dragon struggles to resist.
The komodo dragon bites you!!
You die...

#......##........
####..............
,, ,,
##.................
...............# ,
#######....†(..#
,#.$...#........# ,
, #....$#........#
#.._..#.......##*
#..$$$#..@.....# *
, #$..$!#.#l.#####
* ###+###.#..# * ,
........#.... ,
.##########...*,,
,..## , , ,* ... ,
,,,,.... , ,* ,


You could see a komodo dragon.

Vanquished Creatures
  Pikel (D:3)
  A wyvern (D:8)
  A sky beast (D:4)
  A necrophage (D:4)
  3 lemures
  A wyvern zombie (D:5)
  2 scorpions
  A howler monkey (D:8)
  A hound (D:4)
  A gnoll shaman (D:3)
  2 orc wizards
  Ijyb (D:4)
  A hound skeleton (D:4)
  A howler monkey zombie (D:8)
  2 adders
  4 gnolls (D:4)
  A white imp (D:4)
  4 adder skeletons
  2 dart slugs
  13 orcs
  4 ball pythons
  2 bats
  6 endoplasms
  3 giant cockroaches
  2 goblins
  4 hobgoblins
  2 quokkas
  2 kobolds
  4 rats (D:1)
73 creatures vanquished.

Vanquished Creatures (others)
  4 plants (D:8)
4 creatures vanquished.

Grand Total: 77 creatures vanquished

Notes
Turn   | Place    | Note
-------+----------+-------------------------------------------
     0 | D:1      | lonewolfV2 the Deep Dwarf Necromancer began the quest for
                  | the Orb.
     0 | D:1      | Reached XP level 1. HP: 15/15 MP: 3/3
   267 | D:1      | Reached XP level 2. HP: 22/22 MP: 0/4
   909 | D:2      | You fall into a shaft and drop 1 floor!
   924 | D:3      | Reached skill level 5 in Necromancy
   996 | D:3      | Reached XP level 3. HP: 28/28 MP: 6/6
  1199 | D:3      | Learned a level 3 spell: Vampiric Draining
  1529 | D:4      | Noticed a lemure
  1533 | D:4      | Noticed a lemure
  1545 | D:3      | Killed a lemure
  1980 | D:4      | Killed a lemure
  1984 | D:4      | Noticed a lemure
  1990 | D:4      | Noticed Pikel
  1998 | D:3      | Reached skill level 1 in Maces & Flails
  1998 | D:3      | Reached XP level 4. HP: 34/36 MP: 4/6
  2021 | D:3      | Killed a lemure
  2168 | D:3      | Killed Pikel
  2169 | D:3      | Reached skill level 6 in Necromancy
  2169 | D:3      | Reached XP level 5. HP: 40/45 MP: 1/8
  2169 | D:3      | Reached XP level 6. HP: 47/52 MP: 1/9
  2169 | D:3      | Reached XP level 7. HP: 54/60 MP: 1/10
  2369 | D:4      | Found a staircase to the Ecumenical Temple.
  2388 | Temple   | Entered the Ecumenical Temple
  2402 | Temple   | Became a worshipper of Sif Muna the Loreminder
  2501 | D:4      | Found a sparkling altar of Nemelex Xobeh.
  2589 | D:4      | Learned a level 3 spell: Confusing Touch
  2652 | D:4      | Noticed Ijyb
  2676 | D:4      | Killed Ijyb
  3571 | D:4      | Learned a level 2 spell: Slow
  3609 | D:5      | Entered Level 5 of the Dungeon
  3621 | D:5      | Reached XP level 8. HP: 32/69 MP: 7/9
  3863 | D:5      | Found a blossoming altar of Fedhas.
  4073 | D:5      | You fall into a shaft and drop 3 floors!
  4073 | D:8      | Found a glowing golden altar of the Shining One.
  4097 | D:8      | Reached skill level 5 in Maces & Flails
  4107 | D:8      | Noticed a komodo dragon
  4117 | D:8      | Demolished by a komodo dragon

Illustrated notes

Levels and vault maps discovered:
D:1:      wander_arrival_lonely_grave, layout_basic
D:2:      layout_loops_ring, basic_altar, serial_glass, glass_columns_a,
          glass_columns_a, uniq_sigmund
D:3:      layout_loops_ring, serial_park_tiny_pond, minmay_distorted
D:4:      layout_loops_cross, nemelex_dance_club_becter,
          minmay_temple_entry_hall, dk_noncrumbling_4, uniq_pikel, uniq_ijyb
D:5:      layout_cave_pools, mainiacjoe_overflow_small_starburst
D:8:      layout_cave_pools, amcnicky_altar_gilded, jmf_multi_god_temple2,
          david_lair_shrubbed, hangedman_decor_clover_reticule, roderic_batcave,
          due_unseen_surprise
Temple:   regret_index_temple_generic_petals

Skill      XL: |  1  2  3  4  5  6  7  8 |
---------------+-------------------------+-----
Spellcasting   | 2 3 4 |  4.1
Necromancy     | 5 6 |  6.8
Maces & Flails | 1 3 4 5 |  5.0
Fighting       | 2 3 |  3.2
Dodging        | 3 4 |  4.5
Stealth        | |  2.9
Hexes          | |  0.5

Action                   |  1- 3 |  4- 6 |  7- 9 || total
-------------------------+-------+-------+-------++-------
Melee: Unarmed           |     2 |       |       ||     2
       Mace              |    46 |    33 |   145 ||   224
 Cast: Pain              |    55 |     8 |    24 ||    87
       Vampiric Draining |       |       |     5 ||     5
       Confusing Touch   |       |       |     2 ||     2
 Abil: Heal Wounds       |     4 |     6 |     9 ||    19
Evoke: Wand              |       |       |     1 ||     1
  Use: Scroll            |     2 |       |    11 ||    13
       Potion            |       |     1 |     4 ||     5
 Stab: Sleeping          |     1 |       |     1 ||     2
Armor: Robe              |    27 |     9 |    25 ||    61
Dodge: Dodged            |    66 |    28 |   131 ||   225
